 Dungeon Crawl Stone Soup version 0.22-a0-618-gd6a3efe (webtiles) character file.

68 Gildeon the Ruffian (level 4, 0/45 HPs)
             Began as a Troll Monk on July 13, 2018.
             Slain by a gnoll
             ... wielding a +0 club
              (1 damage)
             ... on level 2 of the Dungeon.
             The game lasted 00:02:28 (781 turns).

Gildeon the Ruffian (Troll Monk)                     Turns: 781, Time: 00:02:28

Health: 0/45       AC:  6    Str: 19    XL:     4   Next: 1%
Magic:  3/3        EV: 10    Int:  7    God:
Gold:   123        SH:  0    Dex: 12    Spells: 3/3 levels left

rFire    . . .     SeeInvis .     - Unarmed
rCold    . . .     Gourm    +   (no shield)
rNeg     . . .     Faith    .   a - +1 robe
rPois    .         Spirit   .   (helmet restricted)
rElec    .         Reflect  .   (no cloak)
rCorr    .         Harm     .   (gloves unavailable)
MR       .....                  (boots unavailable)
Stlth    ++........             d - amulet of the acrobat
HPRegen  0.55/turn              (no ring)
MPRegen  0.08/turn              (no ring)

@: no status effects
A: large, unfitting armour, claws 3, fast metabolism 3, gourmand, regeneration
1, shaggy fur 1, tough skin 2
a: no special abilities


You were on level 2 of the Dungeon.
You were very full.

You visited 1 branch of the dungeon, and saw 2 of its levels.

You collected 123 gold pieces.

Inventory:

Armour
 a - a +1 robe (worn)
Jewellery
 d - an amulet of the acrobat (around neck)
Scrolls
 f - 2 scrolls of remove curse
Comestibles
 b - 3 rations
 c - 2 chunks of flesh


   Skills:
 + Level 3.3 Fighting
 - Level 2.4 Dodging
 - Level 1.0 Stealth
 + Level 4.0 Unarmed Combat


You had 3 spell levels left.
You didn't know any spells.
Your spell library was empty.

Dungeon Overview and Level Annotations

Branches:
Dungeon (2/15)

Altars:


Innate Abilities, Weirdness & Mutations

You are too large for most types of armour.
You have claws for hands.
Your metabolism is lightning-fast.
You like to eat raw meat.
Your natural rate of healing is unusually fast.
You are covered in fur. (AC +1)
You have very tough skin. (AC +2)


Message History

You scratch the gnoll but do no damage.
The gnoll is severely wounded.
The gnoll closely misses you. The gnoll hits you with a spear.
* * * LOW HITPOINT WARNING * * *
The gnoll hits you with a club.
* * * LOW HITPOINT WARNING * * *
You claw the gnoll!
You kill the gnoll!
You have reached level 4!
The gnoll closely misses you.
You scratch the gnoll.
The gnoll is moderately wounded.
The gnoll closely misses you. The gnoll hits you with a club.
* * * LOW HITPOINT WARNING * * *
You scratch the gnoll. Your claw misses the gnoll.
The gnoll is moderately wounded.
The gnoll hits you from afar with a spear.
* * * LOW HITPOINT WARNING * * *
The gnoll hits you with a club.
You die...

#.###.##.....
#.....# ##.# #.#
####.######.# #.#
###........# #.#
#........### #.#
#.#...##.# #.#
#.#...##.# #.#
#........######.#
#.........@gg.#.##
#........####....##
#........# #.....#
#.#...#..# #.)..##
#........#
#.).......
.##.##.##
###.###.## .. #.
#.# .. #. #'# # ...


You could see 2 gnolls.

Vanquished Creatures
  Terence (D:2)
  2 gnolls (D:2)
  A leopard gecko (D:1)
  A ball python (D:1)
  4 goblins (D:1)
  2 hobgoblins
  3 jackals (D:1)
  A bat (D:1)
  4 frilled lizards
  5 rats
24 creatures vanquished.

Notes
Turn   | Place    | Note
-------+----------+-------------------------------------------
     0 | D:1      | Gildeon the Troll Monk began the quest for the Orb.
     0 | D:1      | Reached XP level 1. HP: 22/22 MP: 0/0
   148 | D:1      | Reached XP level 2. HP: 29/29 MP: 1/1
   660 | D:2      | Noticed Terence
   665 | D:2      | Killed Terence
   665 | D:2      | Reached XP level 3. HP: 23/37 MP: 2/2
   763 | D:2      | Reached skill level 4 in Unarmed Combat
   774 | D:2      | Reached XP level 4. HP: 8/45 MP: 3/3
   781 | D:2      | HP: 1/45 [gnoll/spear (5)]
   781 | D:2      | Slain by a gnoll

Vault maps used:
D:1:      lightli_arrival_boilingwater, st_stairs_9
D:2:      first_ration, uniq_jessica, uniq_terence

Skill      XL: |  1  2  3 |
---------------+----------+-----
Fighting       | 3 |  3.3
Unarmed Combat | 4 |  4.0
Dodging        | |  2.4
Stealth        | |  1.0

Action                   |  1- 3 |  4- 6 || total
-------------------------+-------+-------++-------
Melee: Unarmed           |    51 |     2 ||    53
  Use: Scroll            |     2 |       ||     2
 Stab: Sleeping          |     2 |       ||     2
  Eat: Chunk             |    12 |       ||    12
Armor: Robe              |     9 |       ||     9
Dodge: Dodged            |    33 |     2 ||    35

Table legend:
 A = Spawn XP
 B = Non-spawn XP
 C = Spawn XP percentage of total XP
 D = Spawn monster count
 E = Non-spawn monster count
 F = Spawn count percentage of total count
 G = Total turns spent on level
                    A         B        C        D         E        F      G
               +---------+---------+-------+---------+---------+-------+---------
         Total |       0 |      98 |   0.0 |       0 |      24 |   0.0 |   781
               +---------+---------+-------+---------+---------+-------+---------
           D:1 |       0 |      26 |   0.0 |       0 |      16 |   0.0 |   612
           D:2 |       0 |      72 |   0.0 |       0 |       8 |   0.0 |   169
               +---------+---------+-------+---------+---------+-------+---------
